 Dungeon Crawl Stone Soup version 0.21.1-1-g345015f (webtiles) character file.

2140 suicidejoker the Skirmisher (level 9, -3/72 HPs)
             Began as a Demonspawn Fighter on Mar 28, 2018.
             Was a Priest of Cheibriados.
             Slain by a hornet (8 damage)
             ... on level 7 of the Dungeon.
             The game lasted 00:15:56 (7112 turns).

suicidejoker the Skirmisher (Demonspawn Fighter)    Turns: 7112, Time: 00:15:57

Health: -3/72      AC: 16    Str: 22    XL:     9   Next: 9%
Magic:  12/12      EV:  4    Int: 20    God:    Cheibriados [***...]
Gold:   288        SH: 11    Dex: 21    Spells: 8/8 levels left

rFire    + . .     SeeInvis .   a - +3 long sword
rCold    . . .     Gourm    .   c - +0 shield
rNeg     . . .     Faith    .   x - +0 plate armour
rPois    +         Spirit   .   (helmet restricted)
rElec    .         Reflect  .   (no cloak)
rCorr    .         Harm     .   (no gloves)
MR       .....     Rnd*Tele +   j - +0 pair of boots
Stlth    ..........             s - amulet of magic regeneration
HPRegen  0.22/turn              z - +2 ring of intelligence
MPRegen  0.38/turn              (no ring)

@: lethally poisoned (-3 -> -4), slowed, very slow
A: horns 2, molten scales 2, fire resistance 1, sense surroundings 1, poison
resistance, teleportitis 1, weak 1, flame cloud immunity
a: Bend Time, Temporal Distortion, Renounce Religion


You were on level 7 of the Dungeon.
You worshipped Cheibriados.
Cheibriados was most pleased with you.
You were not hungry.

You visited 1 branch of the dungeon, and saw 7 of its levels.

You collected 288 gold pieces.

Inventory:

Hand Weapons
 a - a +3 long sword (weapon)
 b - a +1 hunting sling of velocity
 d - a +2 flail of protection
 k - a +0 dagger of venom
 o - a +0 shortbow
 v - a +1 dagger of venom
Missiles
 q - 32 arrows
 t - 35 sling bullets
 u - 233 stones (quivered)
Armour
 c - a +0 shield (worn)
 j - a +0 pair of boots (worn)
 x - a +0 plate armour (worn)
Jewellery
 s - an amulet of magic regeneration (around neck)
 z - a +2 ring of intelligence (left hand)
Wands
 h - a wand of digging (15)
Scrolls
 e - a scroll of teleportation
 i - 5 scrolls of identify
 n - 3 scrolls of remove curse
 y - a scroll of fog
Potions
 g - a potion of curing
 l - 2 potions of flight
 m - a potion of magic {unknown}
Comestibles
 f - 11 rations


   Skills:
 * Level 7.0 Fighting
 * Level 6.1 Long Blades
 + Level 2.7 Slings
 + Level 4.8 Armour
 + Level 4.8 Shields
 + Level 4.1 Invocations


You had 8 spell levels left.
You didn't know any spells.

Dungeon Overview and Level Annotations

Branches:
Dungeon (7/15)             Temple (0/1) D:6

Altars:
Cheibriados
Okawaru
Qazlal
Wu Jian
Xom
Zin


Innate Abilities, Weirdness & Mutations

You have a pair of horns on your head.
You are mostly covered in molten scales. (AC +3)
Your flesh is heat resistant. (rF+)
You are immune to clouds of flame.
You passively map a small area around you.
Your system is resistant to poisons. (rPois)
You are occasionally teleported next to monsters.
You are weak. (Str -2)


Message History

The killer bee stings you.
* * * LOW HITPOINT WARNING * * *
You are poisoned.
The killer bee poisons you!
You slash the killer bee! Your headbutt misses the killer bee.
The killer bee is severely wounded.
Your surroundings suddenly seem different.
You feel sick.
A hornet comes into view.
The hornet buzzes angrily.
Found 4 tomahawks.
Found a stone staircase leading down.
An ogre comes into view. It is wielding a giant club.
You feel sick. The hornet stings you!
* * * LOW HITPOINT WARNING * * *
You feel yourself slow down.
You feel sick. You block the hornet's attack. The hornet stings you.
* * * LOW HITPOINT WARNING * * *
The hornet stings you!
You die...

, , * .. .....# *
,...#.#..# * *
...#.#..# ,
........#
...#..#.## , ,
.........# *
*+#.#.....# *
.......@.# ,, ,
....#..#y### * *
, .
#.#......###### *
...............#
* ,
...............#
, *
%...............#
.................
....(...........#
* ,
...............#


You could see a hornet.

Vanquished Creatures
  2 dream sheep (D:4)
  The ghost of Clueless the Insei, an amateur OpTm of Ashenzari (D:3)
  An orc warrior (D:7)
  2 sky beasts
  A centaur (D:6)
  Blork the orc (D:4)
  3 bullfrogs (D:6)
  A scorpion (D:4)
  A wyvern skeleton (D:6)
  2 jellies
  6 killer bees
  3 wights (D:6)
  4 crimson imps
  A hound (D:4)
  4 orc priests
  An iguana (D:6)
  3 orc wizards
  3 worker ants
  6 adders
  3 shadow imps (D:5)
  A worm (D:3)
  3 dart slugs
  4 leopard geckos
  22 orcs
  A bat (D:1)
  7 giant cockroaches
  8 goblins
  7 hobgoblins
  14 jackals
  5 kobolds
  4 quokkas
  3 ball pythons
  6 frilled lizards
  A jackal zombie (D:5)
  A leopard gecko zombie (D:5)
  6 rats
142 creatures vanquished.

Vanquished Creatures (others)
  3 dream sheep (D:4)
3 creatures vanquished.

Grand Total: 145 creatures vanquished

Notes
Turn   | Place    | Note
-------+----------+-------------------------------------------
     0 | D:1      | suicidejoker the Demonspawn Fighter began the quest for the Orb.
     0 | D:1      | Reached XP level 1. HP: 18/18 MP: 1/1
   196 | D:1      | Gained mutation: You are partially covered in molten scales. (AC +2) [demonic ancestry]
   196 | D:1      | Reached XP level 2. HP: 24/24 MP: 2/2
   501 | D:1      | Gained mutation: Your flesh is heat resistant. (rF+) [demonic ancestry]
   501 | D:1      | Reached XP level 3. HP: 22/29 MP: 3/3
  1888 | D:3      | Noticed Clueless's ghost (amateur OpTm)
  1916 | D:3      | Killed Clueless's ghost
  1916 | D:3      | Reached skill level 4 in Fighting
  1916 | D:3      | Reached XP level 4. HP: 16/37 MP: 4/4
  1916 | D:3      | Gained mutation: You have a pair of small horns on your head. [demonic ancestry]
  1916 | D:3      | Reached XP level 5. HP: 19/42 MP: 5/5
  2488 | D:3      | Found a snail-covered altar of Cheibriados.
  2545 | D:3      | Became a worshipper of Cheibriados the Contemplative
  3087 | D:4      | Gained mutation: You have a pair of horns on your head. [demonic ancestry]
  3087 | D:4      | Reached XP level 6. HP: 17/49 MP: 6/6
  3099 | D:4      | Gained mutation: You are weak. (Str -2) [potion of mutation]
  3099 | D:4      | Gained mutation: You are resistant to hostile enchantments. (MR+) [potion of mutation]
  3099 | D:4      | Gained mutation: Your spells are a little harder to cast, but a little more powerful. [potion of mutation]
  3099 | D:4      | Gained mutation: You are agile. (Dex +2) [potion of mutation]
  3346 | D:4      | Lost mutation: You are weak. (Str -2) [potion of mutation]
  3346 | D:4      | Lost mutation: You are agile. (Dex +2) [potion of mutation]
  3346 | D:4      | Lost mutation: You are resistant to hostile enchantments. (MR+) [potion of mutation]
  3346 | D:4      | Gained mutation: Your body sometimes deteriorates upon taking damage. [potion of mutation]
  3346 | D:4      | Gained mutation: You occasionally shout uncontrollably at your foes. [potion of mutation]
  3346 | D:4      | Gained mutation: Your spells are harder to cast, but more powerful. [potion of mutation]
  3347 | D:4      | Lost mutation: Your spells are harder to cast, but more powerful. [potion of mutation]
  3347 | D:4      | Lost mutation: Your spells are a little harder to cast, but a little more powerful. [potion of mutation]
  3347 | D:4      | Lost mutation: Your body sometimes deteriorates upon taking damage. [potion of mutation]
  3347 | D:4      | Gained mutation: Your muscles are strong. (Str +2) [potion of mutation]
  3347 | D:4      | Gained mutation: You can translocate small distances at will. [potion of mutation]
  3347 | D:4      | Gained mutation: You have a pair of large horns on your head. [potion of mutation]
  3643 | D:4      | Reached * piety under Cheibriados
  3660 | D:4      | Reached skill level 5 in Fighting
  3939 | D:4      | Found a glowing silver altar of Zin.
  3940 | D:4      | Found an ornate altar of the Wu Jian Council.
  3952 | D:4      | Noticed Blork the orc
  3965 | D:4      | Killed Blork the orc
  4028 | D:4      | Gained mutation: You are immune to clouds of flame. [demonic ancestry]
  4028 | D:4      | Reached XP level 7. HP: 56/56 MP: 7/7
  4124 | D:4      | Found a shimmering altar of Xom.
  4124 | D:4      | Noticed a dream sheep
  4124 | D:4      | Noticed a dream sheep
  4124 | D:4      | Noticed a dream sheep
  4124 | D:4      | Noticed a dream sheep
  4124 | D:4      | Noticed a dream sheep
  4127 | D:4      | Killed a dream sheep
  4128 | D:4      | Killed a dream sheep
  4128 | D:4      | Killed a dream sheep
  4129 | D:4      | Killed a dream sheep
  4129 | D:4      | Reached skill level 1 in Invocations
  4130 | D:4      | Killed a dream sheep
  4490 | D:5      | Entered Level 5 of the Dungeon
  4567 | D:5      | Reached skill level 1 in Slings
  4755 | D:5      | Found an iron altar of Okawaru.
  5467 | D:5      | Gained mutation: You are mostly covered in molten scales. (AC +3) [demonic ancestry]
  5467 | D:5      | Reached XP level 8. HP: 55/64 MP: 9/9
  5604 | D:5      | Reached skill level 5 in Long Blades
  5695 | D:5      | Reached ** piety under Cheibriados
  5698 | D:5      | Found a stormy altar of Qazlal.
  5738 | D:5      | Reached skill level 6 in Fighting
  6538 | D:6      | Lost mutation: You can translocate small distances at will. [potion of mutation]
  6538 | D:6      | Lost mutation: You have a pair of large horns on your head. [potion of mutation]
  6538 | D:6      | Lost mutation: Your muscles are strong. (Str +2) [potion of mutation]
  6538 | D:6      | Lost mutation: You occasionally shout uncontrollably at your foes. [potion of mutation]
  6538 | D:6      | Gained mutation: You are weak. (Str -2) [potion of mutation]
  6538 | D:6      | Gained mutation: You are occasionally teleported next to monsters. [potion of mutation]
  6538 | D:6      | Gained mutation: You passively map a small area around you. [potion of mutation]
  6538 | D:6      | Gained mutation: Your system is resistant to poisons. (rPois) [potion of mutation]
  6867 | D:6      | Found a staircase to the Ecumenical Temple.
  7058 | D:7      | Reached XP level 9. HP: 71/71 MP: 11/11
  7064 | D:7      | Reached *** piety under Cheibriados
  7097 | D:7      | Reached skill level 7 in Fighting
  7112 | D:7      | Slain by a hornet

Skill      XL: |  1  2  3  4  5  6  7  8  9 |
---------------+----------------------------+-----
Long Blades    | 2 3 4 6 |  6.1
Armour         | 3 4 |  4.8
Shields        | 3 4 |  4.8
Fighting       | 4 5 6 7 |  7.0
Invocations    | 2 3 4 |  4.1
Slings         | 1 2 |  2.7

Action                   |  1- 3 |  4- 6 |  7- 9 || total
-------------------------+-------+-------+-------++-------
Melee: Long sword        |   136 |   144 |   157 ||   437
       Headbutt          |       |    32 |    38 ||    70
 Fire: Hunting sling     |       |     7 |    81 ||    88
Invok: Bend Time         |       |       |     1 ||     1
  Use: Potion            |     1 |     5 |     6 ||    12
       Scroll            |       |       |    15 ||    15
  Eat: Chunk             |     3 |     7 |     5 ||    15
Armor: Scale mail        |    70 |    62 |       ||   132
       Plate armour      |       |       |   172 ||   172
Dodge: Dodged            |    31 |    32 |    44 ||   107
Block: Shield            |    66 |    78 |   156 ||   300
       Rpst.: Long sword |     8 |     9 |    11 ||    28
